 Dungeon Sprint DCSS version 0.27.0-66-gdc8fb28755 (webtiles) character file.

Game seed: 12397997051391161377

1121 styxcanada the Unseen (level 8, -6/37 HPs)
             Began as a Spriggan Brigand on Aug 20, 2021.
             Was an Initiate of Gozag.
             Mangled by a spatial vortex (10 damage)
             ... in the Dungeon (Sprint III: "The Ten Rune Challenge").
             The game lasted 00:08:35 (953 turns).

styxcanada the Unseen (Spriggan Brigand)             Turns: 953, Time: 00:08:39

Health: -6/37      AC:  2    Str:  7    XL:     8   Next: 12%
Magic:  14/14      EV: 22    Int: 13    God:    Gozag
Gold:   409        SH:  0    Dex: 18    Spells: 9/14 levels left

rFire    . . .     SeeInvis +   a - +2 dagger
rCold    . . .     Faith    .   (shield restricted)
rNeg     . . .     Spirit   .   b - +0 robe
rPois    .         Reflect  .   (helmet restricted)
rElec    .         Harm     .   c - +0 cloak
rCorr    .         Rampage  .   (gloves unavailable)
Will     +....     NoTele   +   (boots unavailable)
Stlth    +++++++...             (no amulet)
HPRegen  0.12/turn              (no ring)
MPRegen  0.14/turn              (no ring)

@: very quick
A: very small, no large weapons, unfitting armour, see invisible, speed 3,
deformed body, frail 1, mutation resistance 1
a: Renounce Religion, Potion Petition, Call Merchant, Bribe Branch


You were in the Dungeon.
You worshipped Gozag.
Gozag was aware of your devotion.
You visited 1 branch You collected 409 gold pieces.

Inventory:

Hand Weapons
 a - a +2 dagger (weapon)
 r - a +1 long sword of holy wrath
Missiles
 d - 8 poisoned darts (quivered)
 e - a curare-tipped dart
Armour
 b - a +0 robe (worn)
 c - a +0 cloak (worn)
Wands
 t - a wand of polymorph (9)
Scrolls
 k - a scroll of blinking
 l - a scroll of silence {unknown}
 m - a scroll of holy word {unknown}
 n - 2 scrolls of identify {unknown}
 p - a scroll of immolation {unknown}
Potions
 f - 2 potions of curing
 g - a potion of heal wounds
 h - a potion of haste
 i - 2 potions of magic
 j - 2 potions of berserk rage
 o - a potion of flight {unknown}
 q - a potion of invisibility {unknown}
 s - a potion of might


   Skills:
 * Level 4.6 Fighting
 + Level 4.9 Short Blades
 + Level 5.3 Throwing
 * Level 7.4 Dodging
 * Level 18.7 Stealth
 * Level 3.9 Spellcasting
 * Level 2.1 Conjurations
 * Level 3.6 Hexes
 * Level 2.7 Air Magic
 * Level 3.0 Poison Magic


You had 9 spell levels left.
You knew the following spells:

 Your Spells              Type           Power      Damage    Failure   Level
a - Poisonous Vapours     Pois/Air       20%        N/A       10%         2
b - Dazzling Flash        Conj/Hex       20%        N/A       19%         3

Your spell library contained the following spells:

 Spells                   Type           Power      Damage    Failure   Level
 Tukima's Dance           Hex            12%        N/A       14%         3
 Inner Flame              Hex/Fire       7%         N/A       30%         3
 Silence                  Hex/Air        5%         N/A       83%         5
 Agony                    Necr           2%         N/A       99%         5
 Eringya's Noxious Bog    Tmut/Pois      3%         N/A       100%        6


Dungeon Overview and Level Annotations

Branches:
Dungeon (1/1)

Altars:
Cheibriados
Dithmenos
Elyvilon
Fedhas
Gozag
Hepliaklqana
Kikubaaqudgha
Makhleb
Nemelex Xobeh
Okawaru
Qazlal
Ru
Sif Muna
Trog
Uskayaw
Vehumet
Wu Jian
Xom
Yredelemnul
Zin
The Shining One
Beogh
Jiyva
Lugonu


Innate Abilities, Weirdness & Mutations

You are very small and have problems with some larger weapons.
You are too small for most types of armour.
You have supernaturally acute eyesight. (SInv)
You cover ground extremely quickly. (Speed+++)
Armour fits poorly on your strangely shaped body.
You are frail. (-10% HP)
You are somewhat resistant to further mutation.


Message History

You now have 409 gold pieces (gained 63).
There is a basalt altar of Yredelemnul here.
Things that are here:
a +0 dagger; a +0 robe
There is an open door here.
Cast which spell? (? or * to list)
Okay, then.
You start resting.
Magic restored.
Welcome back, styxcanada the Spriggan Brigand.
Gozag says: Greed is good.
Press ? for a list of commands and other information.
You open the door.
There is an open door here.
The spatial vortex closely misses you.
You hit the spatial vortex.
The spatial vortex is lightly damaged.
You hit the spatial vortex.
The spatial vortex is lightly damaged.
The spatial vortex hits you! Space bends around you.
You hit the spatial vortex.
The spatial vortex is lightly damaged.
You hit the spatial vortex.
The spatial vortex is lightly damaged.
You hit the spatial vortex.
The spatial vortex is lightly damaged.
You hit the spatial vortex.
The spatial vortex is lightly damaged.
The spatial vortex closely misses you.
You hit the spatial vortex but do no damage.
The spatial vortex is lightly damaged.
You hit the spatial vortex.
The spatial vortex is lightly damaged.
You hit the spatial vortex.
The spatial vortex is moderately damaged.
The spatial vortex hits you!!
* * * LOW HITPOINT WARNING * * *
Space warps horribly around you!
You die...
Your body crumbles into a pile of gold.

♣♣♣ ♣.############ $$
$$ ..♣
♣.#___#___#__#$$ $$ $
♣.♣ ♣.#...#__)#._# $
≈♣♣♣♣♣.###'#'###'## $
$
≈♣...♣.#..........#$$
$ ≈≈♣..♣.'.⌠........#
$$ $$$
≈≈≈≈.♣.#...######'#
$$ $ $
≈≈≈....#.⌠.#__#...#
≈≈.....#...#__#.@.#
.......#'###__#..v#
.......#.))#__#...+
.......#___#__'...#
▓▓▓▓▓▓▓▓▓▓▓▓▓▓▓▓▓▓▓


You could see a spatial vortex.

Vanquished Creatures
  A deep elf pyromancer (D)
  A shadow (D)
  A necrophage (D)
  A water elemental (D)
  A jelly (D)
  A wizard (D)
  A necromancer (D)
  3 humans (D)
  A kobold demonologist (D)
  A phantom (D)
  An endoplasm (D)
  3 rats (D)
16 creatures vanquished.

Notes
Turn   | Place    | Note
-------+----------+-------------------------------------------
     0 | D        | styxcanada the Spriggan Brigand began the quest for the
                  | Orb.
     0 | D        | Reached XP level 1. HP: 10/10 MP: 2/2
     5 | D        | Reached skill level 6 in Stealth
    21 | D        | Reached skill level 7 in Stealth
    54 | D        | Reached skill level 9 in Stealth
    54 | D        | Reached XP level 2. HP: 15/15 MP: 3/3
   478 | D        | Gained mutation: Your spells are a little harder to cast,
                  | but a little more powerful. [potion of mutation]
   478 | D        | Gained mutation: You have an increased reservoir of magic.
                  | (+10% MP) [potion of mutation]
   479 | D        | Lost mutation: You have an increased reservoir of magic.
                  | (+10% MP) [potion of mutation]
   479 | D        | Lost mutation: Your spells are a little harder to cast, but
                  | a little more powerful. [potion of mutation]
   479 | D        | Gained mutation: You have a beak for a mouth. [potion of
                  | mutation]
   479 | D        | Gained mutation: You are weak. (Str -2) [potion of
                  | mutation]
   479 | D        | Gained mutation: You are agile. (Dex +2) [potion of
                  | mutation]
   480 | D        | Lost mutation: You are agile. (Dex +2) [potion of mutation]
   480 | D        | Lost mutation: You are weak. (Str -2) [potion of mutation]
   480 | D        | Gained mutation: You have sharp toenails. [potion of
                  | mutation]
   481 | D        | Lost mutation: You have sharp toenails. [potion of
                  | mutation]
   481 | D        | Gained mutation: You have a pair of small horns on your
                  | head. [potion of mutation]
   481 | D        | Gained mutation: You are somewhat resistant to further
                  | mutation. [potion of mutation]
   482 | D        | Lost mutation: You have a pair of small horns on your head.
                  | [potion of mutation]
   482 | D        | Lost mutation: You have a beak for a mouth. [potion of
                  | mutation]
   482 | D        | Gained mutation: Armour fits poorly on your strangely
                  | shaped body. [potion of mutation]
   482 | D        | Gained mutation: You are frail. (-10% HP) [potion of
                  | mutation]
   497 | D        | Noticed a water elemental
   499 | D        | Killed a water elemental
   500 | D        | Reached skill level 11 in Stealth
   500 | D        | Reached XP level 3. HP: 17/17 MP: 4/4
   500 | D        | Reached XP level 4. HP: 20/20 MP: 5/5
   510 | D        | Noticed a shadow
   512 | D        | Killed a shadow
   513 | D        | Reached skill level 5 in Dodging
   513 | D        | Reached skill level 15 in Stealth
   513 | D        | Reached XP level 5. HP: 25/25 MP: 6/6
   553 | D        | Reached XP level 6. HP: 4/28 MP: 7/7
   821 | D        | Found a blossoming altar of Fedhas.
   821 | D        | Found a stormy altar of Qazlal.
   822 | D        | Found a snail-covered altar of Cheibriados.
   822 | D        | Found a burning altar of Makhleb.
   822 | D        | Found a hazy altar of Hepliaklqana.
   822 | D        | Found a shimmering altar of Xom.
   822 | D        | Found an opulent altar of Gozag.
   822 | D        | Found a sparkling altar of Nemelex Xobeh.
   822 | D        | Found a corrupted altar of Lugonu.
   822 | D        | Found a viscous altar of Jiyva.
   822 | D        | Noticed a spatial vortex
   826 | D        | Became a worshipper of Gozag Ym Sagoz the Greedy
   850 | D        | Found a radiant altar of Vehumet.
   850 | D        | Found a shimmering blue altar of Sif Muna.
   850 | D        | Found an ancient bone altar of Kikubaaqudgha.
   856 | D        | Got the Handbook of Malediction and Toxins
   862 | D        | Learned a level 2 spell: Poisonous Vapours
   866 | D        | Learned a level 3 spell: Dazzling Flash
   874 | D        | Found a glowing silver altar of Zin.
   874 | D        | Found a glowing golden altar of the Shining One.
   874 | D        | Found a white marble altar of Elyvilon.
   875 | D        | Noticed a deep elf pyromancer
   877 | D        | Killed a deep elf pyromancer
   878 | D        | Reached skill level 5 in Throwing
   878 | D        | Reached skill level 17 in Stealth
   878 | D        | Reached skill level 1 in Conjurations
   878 | D        | Reached XP level 7. HP: 34/34 MP: 7/12
   889 | D        | Found a hide-covered altar of Uskayaw.
   889 | D        | Found an iron altar of Okawaru.
   889 | D        | Found a bloodstained altar of Trog.
   889 | D        | Found an ornate altar of the Wu Jian Council.
   889 | D        | Noticed a human
   890 | D        | Noticed a human
   892 | D        | Killed a human
   893 | D        | Reached skill level 18 in Stealth
   893 | D        | Killed a human
   894 | D        | Reached XP level 8. HP: 37/37 MP: 8/14
   905 | D        | Found a basalt altar of Yredelemnul.
   905 | D        | Found a shadowy altar of Dithmenos.
   905 | D        | Found a sacrificial altar of Ru.
   953 | D        | Mangled by a spatial vortex

Illustrated notes

Levels and vault maps discovered:
D:        dungeon_sprint_mu [sprint_mu_entry_forest, sprint_mu_temple_rooms,
          sprint_mu_d1_horrors, sprint_mu_d2_genie, sprint_mu_d3_branching,
          sprint_mu_orc_legion, sprint_mu_elf_gauntlet, sprint_mu_hive_nellie,
          sprint_mu_lair_fedhas, sprint_mu_vaults_butterflies,
          sprint_mu_slime_circle, sprint_mu_swamp_cave, sprint_mu_shoals_archi,
          sprint_mu_blade_basic, sprint_mu_crypt_fortress,
          sprint_mu_tomb_spiral, sprint_mu_vestibule_basic,
          sprint_mu_gehenna_hellfire, sprint_mu_dis_giant,
          sprint_mu_tartarus_statrot, sprint_mu_cocytus_islands, sprint_mu_zot1]

Skill      XL: |  1  2  3  4  5  6  7  8 |
---------------+-------------------------+-----
Stealth        | 9 11 15 17 18 | 18.7
Fighting       | 2 3 4 |  4.6
Dodging        | 2 3 5 6 7 |  7.4
Throwing       | 3 4 5 |  5.3
Short Blades   | 3 4 |  4.9
Spellcasting   | 3 |  3.9
Conjurations   | 1 2 |  2.1
Hexes          | 2 3 |  3.6
Air Magic      | 2 |  2.7
Poison Magic   | 2 3 |  3.0

Action                   |  1- 3 |  4- 6 |  7- 9 || total
-------------------------+-------+-------+-------++-------
Melee: Dagger            |    14 |    13 |    13 ||    40
Throw: Dart              |     9 |     6 |       ||    15
  Use: Potion            |     5 |       |       ||     5
 Stab: Sleeping          |     5 |     4 |     4 ||    13
Armor: Robe              |       |     1 |       ||     1
Dodge: Dodged            |     4 |     5 |     2 ||    11
